Unix NetHack Version 5.0.0-0 post-release - last build May 23 2026 06:08:33 (1c0ff79ee797540d5714e4e18072db0edd9e58ae,branch:main).

Game began 2026-05-24 01:43:31, ended 2026-05-24 01:58:05.

Brudee, neutral female human Tourist

                                                --------------
          -----  ###############                |............|
          |...| ##-------------#              ##-.........*..|
          |...| ##............|#              # -----@--------          -----
       ----...+###|...........|##    ------####      d%                 |...|
       |......|###|.........<.|######......#          ##                |...|
       |......+###|...........|#     |....|            #                |...|
       |......|  #|...........|######.....|            #               #....|
       |...----  #-----------|-##    |....|            ###             #-.---
       |....#    ###        ##[##    --.---              #            ## #
       |...|#                #  ##     #                 #            #  #
       -----#               ##   ##    ###               ###         ##  #
            #         #######     #      #              ---.-----#####   #
            #     #####           # #######   #         |.......|#       #
            #  ---.------         # #-----+-----        |........#       #
            #  |.........############|.........|        |.......|       -.---
            ###+........|            |.........|        |.......|#######.>..|
               |........|            |.........|        ---------#      |.{.|
               ----------            -----------           #######      -----

Brudee the Sightseer        St:11 Dx:10 Co:15 In:12 Wi:10 Ch:17  Neutral S:682
Dlvl:5  $:682 HP:0(38) Pw:12(12) AC:3  Xp:4/118 T:1952  Burdened

Latest messages:
 In what direction? l
 The dart misses the yellow mold.
 In what direction? l
 You kill the yellow mold!
 You have a little trouble lifting Q - a scroll labeled PHOL ENDE WODAN.
 You have a little trouble lifting a - 2 +2 darts (at the ready) (30 in total).
 You swap places with Shaggy.
 You stop.  Shaggy is in the way!
 Shaggy picks up a gold piece.
 You swap places with Shaggy.
 You have a little trouble lifting $ - 7 gold pieces (681 in total).
 Shaggy drops a gold piece.
 You see here a red gem.
 You have a little trouble lifting $ - a gold piece (682 in total).
 You swap places with Shaggy.
 You find a hidden door.
 This door is locked.
 Unlock it with your credit card? [ynq] (q) y
 You succeed in picking the lock.
 The door opens.
 The giant ant bites!
 The giant ant bites!
 The giant ant bites!
 The giant ant bites!
 The giant ant bites!
 In what direction? l
 The dart misses the giant ant.
 The giant ant bites!
 In what direction? l
 The dart hits the giant ant.
 The giant ant bites!
 The giant ant bites!
 In what direction? l
 The dart misses the giant ant.
 The giant ant bites!
 The giant ant misses!
 The giant ant bites!
 In what direction? l
 The dart misses the giant ant.
 The giant ant bites!
 You swap places with Shaggy.
 The giant ant bites!
 Shaggy misses the giant ant.
 What do you want to zap? [zJKL or ?*] ?
 In what direction? n
 You kill the giant ant!
 The bolt of cold hits you!
 You die...
 Do you want your possessions identified? [ynq] (y) y
 Do you want to see your attributes? [ynq] (y) q

Inventory:
 Coins    ('$')
  $ - 682 gold pieces
 Amulets  ('"')
  A - a cursed amulet of strangulation
 Weapons  (')')
  a - 26 +2 darts (at the ready)
  n - a +0 orcish dagger (weapon in right hand)
 Armor    ('[')
  l - a cursed -1 helm of brilliance (being worn)
  p - an uncursed +0 dwarvish roundshield (being worn)
  i - an uncursed +0 Hawaiian shirt with a jellyfish motif (being worn)
  B - an uncursed +0 elven mithril-coat (being worn)
 Comestibles  ('%')
  d - 3 uncursed food rations
  c - 3 uncursed oranges
  e - an uncursed tripe ration
 Scrolls  ('?')
  P - 2 uncursed scrolls of blank paper
  Q - an uncursed scroll of earth
  s - an uncursed scroll of enchant weapon
  h - 2 uncursed scrolls of magic mapping
  t - 2 cursed scrolls of scare monster
 Spellbooks  ('+')
  I - an uncursed spellbook of healing
  E - an uncursed spellbook of polymorph
 Potions  ('!')
  H - an uncursed potion of blindness
  g - 2 uncursed potions of extra healing
  u - an uncursed potion of extra healing
  M - an uncursed potion of full healing
  q - 2 uncursed potions of healing
  w - an uncursed potion of see invisible
 Rings    ('=')
  o - an uncursed ring of levitation
 Wands    ('/')
  J - a wand of cold (0:4)
  z - a wand of create monster (0:13)
  K - a wand of magic missile (0:5)
  L - a wand of magic missile (0:5)
 Tools    ('(')
  k - an uncursed credit card
  j - an expensive camera (0:32)
  N - a blessed magic lamp
 Gems/Stones  ('*')
  F - an uncursed worthless piece of red glass

Brudee the Tourist's attributes:

Background:
 You were a Sightseer, a level 4 female human Tourist.
 You were neutral, nominally on a mission for The Lady
 who was opposed by Blind Io (lawful) and Offler (chaotic).
 You were right-handed.
 You were in the Dungeons of Doom, on level 5.
 You entered the dungeon 1952 turns ago.
 It was nighttime.
 You had 118 experience points, 42 more were needed to attain level 5.
 Your score was 682 before end-of-game adjustments.

Basics:
 You had 0 out of 38 hit points.
 You had all 12 energy points (spell power).
 Your armor class was 3.
 Your wallet contained 682 zorkmids.
 Autopickup was on for '$!=+?/"' plus thrown.

Final Characteristics:
 Your strength was 11 (limit:18/100).
 Your dexterity was 10 (limit:18).
 Your constitution was 15 (limit:18).
 Your intelligence was 12 (base:13, limit:18).
 Your wisdom was 10 (base:11, limit:18).
 Your charisma was 17 (limit:18).

Final Status:
 You weren't hungry.
 You were burdened; movement was slightly slowed.
 You were wielding a dagger.
 You were unskilled in dagger.

Final Attributes:
 You were fervently aligned.
 You were guarded.
 You are dead.

Miscellaneous:
 You didn't encounter any bones levels.
 Total elapsed playing time was 14 minutes and 32 seconds.

Major events:
 Turn
    1: Brudee the neutral female human Tourist entered the dungeon
  755: attained the rank of Sightseer (level 3)
 1952: killed by a bolt of cold zapped by herself

You didn't know any spells.

Skills:
 Fighting Skills
   bare handed combat [Unskilled]
   two weapon combat  [Unskilled]
   riding             [Unskilled]
 Weapon Skills
   dagger             [Unskilled]
   knife              [Unskilled]
   axe                [Unskilled]
   pick-axe           [Unskilled]
   short sword        [Unskilled]
   broadsword         [Unskilled]
   long sword         [Unskilled]
   two-handed sword   [Unskilled]
   saber              [Unskilled]
   mace               [Unskilled]
   morning star       [Unskilled]
   flail              [Unskilled]
   hammer             [Unskilled]
   quarterstaff       [Unskilled]
   polearms           [Unskilled]
   spear              [Unskilled]
   trident            [Unskilled]
   lance              [Unskilled]
   bow                [Unskilled]
   sling              [Unskilled]
   crossbow           [Unskilled]
   dart               [Basic]
   shuriken           [Unskilled]
   boomerang          [Unskilled]
   whip               [Unskilled]
   unicorn horn       [Unskilled]
 Spellcasting Skills
   divination spells  [Unskilled]
   enchantment spells [Unskilled]
   escape spells      [Unskilled]

Voluntary challenges:
 Character rerolling was not enabled.
 You were vegetarian.
 You were an atheist.
 You never genocided any monsters.
 You never polymorphed an object.
 You never changed form.
 You used no wishes.
Achievements:
 You entered a shop.
 You attained the rank of Sightseer.

 The Dungeons of Doom: levels 1 to 5
    Level 1:
       A sink.
    Level 2:
       A potion shop.
    Level 3:
       Some fountains, a grave.
    Level 4:
    Level 5: <- You were here.
       A fountain.
       Final resting place for
          you, killed by a bolt of cold zapped by yourself.


Vanquished creatures:
  a paper golem
  a giant ant
  a homunculus
  a hill orc
  a wererat
  3 acid blobs
  a coyote
  2 large kobolds
  a giant rat
  2 yellow molds
  a gecko
  3 jackals
  a fox
  8 goblins
  5 sewer rats
  3 grid bugs
  6 lichens
  2 newts
43 creatures vanquished.

No species were genocided or became extinct.

Game over:
                       ----------
                      /          \
                     /    REST    \
                    /      IN      \
                   /     PEACE      \
                  /                  \
                  |      Brudee      |
                  |      682 Au      |
                  | killed by a bolt |
                  |  of cold zapped  |
                  |    by herself    |
                  |                  |
                  |       2026       |
                 *|     *  *  *      | *
        _________)/\\_//(\/(/\)/\//\/|_)_______

Aloha Brudee the Tourist...

You died in The Dungeons of Doom on dungeon level 5 with 682 points,
and 682 pieces of gold, after 1952 moves.
You were level 4 with a maximum of 38 hit points when you died.

